 Dungeon Crawl Stone Soup version 0.23.0 (webtiles) character file.

Game seed: 926815457696192732

5380 Laan the Cleaver (level 10, -3/98 HPs)
             Began as a Naga Berserker on Feb 12, 2019.
             Was a High Priest of Trog.
             Slain by an eight-headed hydra (9 damage)
             ... on level 8 of the Dungeon.
             The game lasted 00:15:01 (7561 turns).

Laan the Cleaver (Naga Berserker)                   Turns: 7561, Time: 00:15:02

Health: -3/98      AC: 16    Str: 24    XL:     10   Next: 66%
Magic:  10/10      EV:  9    Int:  9    God:    Trog [*****.]
Gold:   435        SH:  0    Dex: 10    Spells: 9/9 levels left

rFire    . . .     SeeInvis +   v - +3 battleaxe (freeze)
rCold    . . .     Gourm    .   (shield currently unavailable)
rNeg     . . .     Faith    .   w - +3 ring mail
rPois    +         Spirit   .   A - +0 helmet
rElec    .         Reflect  .   J - +0 cloak
rCorr    .         Harm     .   (no gloves)
MR       +....                  (no barding)
Stlth    ..........             (no amulet)
HPRegen  0.26/turn              z - +2 ring of intelligence
MPRegen  0.12/turn              r - +4 ring of protection

@: about to teleport, very slow
A: large, see invisible, deformed body, poison resistance, slowness 2, slow
metabolism 1, spit poison 1, AC +3
a: Spit Poison, Berserk, Trog's Hand, Brothers in Arms, Renounce Religion


You were on level 8 of the Dungeon.
You worshipped Trog.
Trog was extremely pleased with you.
You were not hungry.

You visited 1 branch of the dungeon, and saw 8 of its levels.

You collected 435 gold pieces.

Inventory:

Hand Weapons
 b - a +0 war axe
 v - a +3 battleaxe of freezing (weapon)
 x - the +10 quarterstaff "Muhujoda" {crush, rPois Str+4 Int-3 Stlth+, unknown}
   (You found it on level 4 of the Dungeon)

   It inflicts extra damage upon your enemies.
   It affects your strength (+4).
   It affects your intelligence (-3).
   It protects you from poison.
   It makes you more stealthy.
 I - the +8 whip of Yfih {freeze, *Contam *Slow rElec rN++, unknown}
   (You found it on level 6 of the Dungeon)

   It has been specially enchanted to freeze those struck by it, causing extra
   injury to most foes and up to half again as much damage against particularly
   susceptible opponents.
   It can also slow down cold-blooded creatures.
   It insulates you from electricity.
   It greatly protects you from negative energy.
   It causes magical contamination when unequipped.
   It may slow you when you take damage.
Missiles
 s - 5 tomahawks (quivered)
 G - 10 tomahawks of dispersal
Armour
 m - a cursed +0 leather armour
 w - a +3 ring mail (worn)
 A - a +0 helmet (worn)
 J - a +0 cloak (worn)
Jewellery
 r - a +4 ring of protection (right hand)
 z - a +2 ring of intelligence (left hand)
Wands
 p - a wand of paralysis (1)
 t - a wand of digging (3)
Scrolls
 a - 2 scrolls of random uselessness {unknown}
 d - 4 scrolls of identify
 e - 3 scrolls of amnesia
 f - 2 scrolls of remove curse
 h - 3 scrolls of noise {unknown}
 i - 3 scrolls of enchant weapon {unknown}
 j - 3 scrolls of blinking {unknown}
 k - 2 scrolls of magic mapping {unknown}
 y - a scroll of enchant armour {unknown}
 C - 3 scrolls of teleportation
 D - a scroll of fog {unknown}
Potions
 g - 2 potions of heal wounds {unknown}
 l - 6 potions of curing
 n - 6 potions of agility {unknown}
 o - 2 potions of flight {unknown}
 q - a potion of invisibility {unknown}
 u - a potion of cancellation {unknown}
 B - 2 potions of mutation {unknown}
 F - a potion of might {unknown}
Comestibles
 c - 16 rations


   Skills:
 + Level 8.9 Fighting
 * Level 12.0 Axes
 + Level 5.0 Armour
 - Level 1.5 Dodging


You had 9 spell levels left.
You didn't know any spells.
Your spell library was empty.

Dungeon Overview and Level Annotations

Branches:
Dungeon (8/15)             Temple (0/1) D:7
   Lair: D:8-11

Altars:
Dithmenos
Nemelex Xobeh
Wu Jian
Xom
Yredelemnul
Zin


Innate Abilities, Weirdness & Mutations

You cannot wear boots.
Your serpentine skin is tough. (AC +3)
You have supernaturally acute eyesight. (SInv)
Armour fits poorly on your strangely shaped body.
Your system is resistant to poisons. (rPois)
You cover ground very slowly.
You have a slow metabolism.
You can spit poison.


Message History

The eight-headed hydra bites you.
* * * LOW HITPOINT WARNING * * *
The eight-headed hydra barely misses you.
The eight-headed hydra bites you.
* * * LOW HITPOINT WARNING * * *
The eight-headed hydra bites you.
* * * LOW HITPOINT WARNING * * *
The eight-headed hydra barely misses you.
It was a potion of curing.
You feel better.
The big kobold hits you but does no damage.
The eight-headed hydra closely misses you.
The eight-headed hydra bites you but does no damage.
The eight-headed hydra bites you.
* * * LOW HITPOINT WARNING * * *
The eight-headed hydra bites you!
* * * LOW HITPOINT WARNING * * *
The eight-headed hydra bites you!
* * * LOW HITPOINT WARNING * * *
The eight-headed hydra bites you!
You die...

########## #.%'.....#
#).#.....# #+###'''##
#.≈PKD...# #P≈≈.@...#
#≈≈P..P..# #P≈......#
#PP≈)≈.≈.# #.
#####(##### #.
##.##.....##
#...####..#........#
#..............##...#
##...####..........#...


You could see an eight-headed hydra and a big kobold.

Vanquished Creatures
  Pikel (D:4)
  Grinder (D:3)
  2 dream sheep (D:8)
  A hippogriff (D:5)
  Sigmund (D:4)
  2 yaks (D:8)
  Eustachio (D:5)
  The ghost of kirsanium the Ducker, an amateur DEMo of Ashenzari (D:3)
  Duvessa (D:4)
  2 ice beasts
  A slave (D:4)
  An orc warrior (D:7)
  3 sky beasts
  A phantom (D:5)
  A necrophage (D:6)
  5 ogres
  3 centaurs
  4 big kobolds
  2 bullfrogs
  A gnoll sergeant (D:5)
  4 scorpions
  Dowan (D:4)
  4 wights (D:6)
  A crimson imp (D:6)
  3 hounds
  4 orc priests
  3 orc wizards
  2 bullfrog skeletons
  A bullfrog zombie (D:8)
  A gnoll shaman (D:7)
  Ijyb (D:3)
  Natasha (D:3)
  An iguana (D:4)
  4 worker ants
  A hound zombie (D:7)
  A worker ant zombie (D:5)
  17 gnolls
  14 adders
  10 river rats (D:5)
  2 shadow imps
  2 oozes
  2 adder zombies
  2 adder skeletons (D:4)
  3 dart slugs
  4 leopard geckos
  8 orcs
  2 bats (D:2)
  3 giant cockroaches
  8 goblins
  4 hobgoblins
  6 jackals
  6 kobolds
  7 quokkas
  A frilled lizard (D:4)
  A jackal zombie (D:6)
  20 rats
190 creatures vanquished.

Notes
Turn   | Place    | Note
-------+----------+-------------------------------------------
     0 | D:1      | Laan the Naga Berserker began the quest for the Orb.
     0 | D:1      | Reached XP level 1. HP: 21/21 MP: 1/1
    54 | D:1      | Reached XP level 2. HP: 20/28 MP: 2/2
   544 | D:2      | Reached XP level 3. HP: 21/34 MP: 3/3
   755 | D:2      | Reached skill level 4 in Axes
  1498 | D:2      | Reached XP level 4. HP: 37/43 MP: 4/4
  1627 | D:2      | Found a glowing silver altar of Zin.
  1800 | D:3      | Reached ** piety under Trog
  1890 | D:3      | Noticed Ijyb
  1892 | D:3      | Noticed Grinder
  1899 | D:3      | Paralysed by Ijyb for 2 turns
  1903 | D:3      | HP: 2/66 [Grinder (8)]
  1904 | D:3      | Killed Grinder
  1904 | D:3      | Reached skill level 5 in Axes
  1904 | D:3      | Reached XP level 5. HP: 3/51 MP: 5/5
  1904 | D:3      | Reached XP level 6. HP: 3/58 MP: 6/6
  1907 | D:3      | Killed Ijyb
  1907 | D:3      | Reached skill level 6 in Axes
  2294 | D:3      | Noticed Natasha
  2301 | D:3      | Killed Natasha
  2613 | D:3      | Found a runed translucent door.
  2617 | D:3      | Noticed kirsanium's ghost (amateur DEMo)
  2633 | D:3      | Killed kirsanium's ghost
  2633 | D:3      | Reached skill level 5 in Fighting
  2633 | D:3      | Reached XP level 7. HP: 67/67 MP: 7/7
  3322 | D:4      | Noticed Sigmund
  3336 | D:4      | Killed Sigmund
  3336 | D:4      | Reached skill level 7 in Axes
  3625 | D:4      | Noticed Dowan
  3627 | D:4      | Noticed Duvessa
  3632 | D:4      | Killed Dowan
  3639 | D:4      | Killed Duvessa
  3639 | D:4      | Reached XP level 8. HP: 76/76 MP: 8/8
  3690 | D:4      | Got a crystal quarterstaff
  3723 | D:4      | Reached skill level 8 in Axes
  3850 | D:4      | Noticed Pikel
  3868 | D:4      | Killed Pikel
  3868 | D:4      | Reached skill level 9 in Axes
  4141 | D:5      | Entered Level 5 of the Dungeon
  4179 | D:5      | Reached XP level 9. HP: 61/86 MP: 9/9
  4445 | D:5      | Noticed Eustachio
  4468 | D:5      | Killed Eustachio
  4480 | D:5      | Reached skill level 10 in Axes
  4954 | D:5      | Reached *** piety under Trog
  5233 | D:5      | Found a sparkling altar of Nemelex Xobeh.
  5325 | D:6      | Reached **** piety under Trog
  5670 | D:6      | Found an ornate altar of the Wu Jian Council.
  5670 | D:6      | Found a basalt altar of Yredelemnul.
  5696 | D:6      | Reached skill level 11 in Axes
  5696 | D:6      | Reached XP level 10. HP: 91/96 MP: 10/10
  5920 | D:6      | Found a sparkling altar of Nemelex Xobeh.
  6006 | D:6      | Found a shimmering altar of Xom.
  6210 | D:6      | Got an ancient whip
  6224 | D:6      | Reached ***** piety under Trog
  7075 | D:7      | Found a staircase to the Ecumenical Temple.
  7197 | D:8      | Found a shadowy altar of Dithmenos.
  7312 | D:8      | Reached skill level 5 in Armour
  7313 | D:8      | Reached skill level 12 in Axes
  7543 | D:8      | Noticed a three-headed hydra
  7561 | D:8      | Slain by an eight-headed hydra

Skill      XL: |  1  2  3  4  5  6  7  8  9 10 |
---------------+-------------------------------+-----
Axes           | 4 5 6 7 9 11 12 | 12.0
Fighting       | 4 5 7 8 |  8.9
Armour         | 2 3 5 |  5.0
Dodging        | |  1.5

Action                   |  1- 3 |  4- 6 |  7- 9 | 10-12 || total
-------------------------+-------+-------+-------+-------++-------
Melee: Hand axe          |    39 |       |       |       ||    39
       War axe           |    52 |    54 |   327 |       ||   433
       Battleaxe         |       |       |     1 |   155 ||   156
Invok: Berserk           |     1 |     2 |     3 |       ||     6
 Abil: Spit Poison       |       |       |     1 |       ||     1
Evoke: Wand              |       |       |       |     5 ||     5
  Use: Scroll            |       |       |     2 |     2 ||     4
       Potion            |       |       |     1 |     1 ||     2
 Stab: Paralysed         |       |       |       |     5 ||     5
  Eat: Chunk             |     2 |     4 |    12 |     5 ||    23
Armor: Animal skin       |     2 |       |       |       ||     2
       Ring mail         |    34 |    18 |   138 |   105 ||   295
       Scale mail        |       |     8 |     6 |       ||    14
Dodge: Dodged            |    54 |    36 |   159 |    75 ||   324
